 Dungeon Crawl Stone Soup version 0.31-a0-460-g9e667d4245 (webtiles) character file.

Game seed: 17241322895625051372

103 CraigForest the Covered (level 4, -2/29 HPs)
             Began as a Gargoyle Fighter on Aug 5, 2023.
             Slain by a gnoll
             ... wielding a +0 flail
             ... led by a gnoll sergeant
              (10 damage)
             ... on level 3 of the Dungeon.
             The game lasted 00:05:41 (2015 turns).

CraigForest the Covered (Gargoyle Fighter)          Turns: 2015, Time: 00:05:42

Health: -2/29      AC: 10    Str: 22    XL:     4   Next: 79%
Magic:  4/4        EV:  9    Int:  8    God:
Gold:   96         SH:  4    Dex:  9    Spells: 3/3 levels left

rFire   . .          .
                       - Unarmed
rCold   . . .        b - +0 buckler
rNeg    + . .        a - +0 scale mail
rPois   ∞            (no helmet)
rElec   +            (no cloak)
rCorr   .            (no gloves)
SInv    .            (no boots)
Will    .....        (no amulet) Stlth
                     (no ring)
HPRegen 0.24/turn    (no ring)
MPRegen 0.09/turn

%: no passive effects
@: no status effects
A: sickness immunity, AC +3, negative energy resistance 1, electricity
resistance, torment resistance 1, petrification resistance
a: no special abilities


You were on level 3 of the Dungeon.
You visited 1 branch of the dungeon, and saw 3 of its levels.

You collected 96 gold pieces.

Inventory:

Missiles
 i - 4 javelins (quivered)
Armour
 a - a +0 scale mail (worn)
 b - a +0 buckler (worn)
Jewellery
 g - a ring of poison resistance
Scrolls
 f - a scroll of silence {unknown}
 h - a scroll of identify {unknown}
 j - a scroll of fog {unknown}
Potions
 c - a potion of mutation {unknown}
 d - 2 potions of curing {unknown}
 e - 2 potions of brilliance {unknown}


   Skills:
 + Level 3.6 Fighting
 + Level 4.1 Armour
 + Level 0.6 Dodging
 + Level 1.0 Stealth
 + Level 3.9 Shields
 + Level 2.9 Unarmed Combat


You had 3 spell levels left.
You didn't know any spells.
Your spell library contained the following spells:

 Spells                   Type           Power      Damage    Failure   Level
 Ensorcelled Hibernation  Hex/Ice        0%         N/A       90%         2
 Anguish                  Hex/Necr       0%         N/A       100%        4
 Summon Ice Beast         Ice/Summ       0%         N/A       100%        4
 Summon Mana Viper        Hex/Summ       0%         N/A       100%        5
 Monstrous Menagerie      Summ           0%         N/A       100%        7


Dungeon Overview and Level Annotations

Branches:
Dungeon (3/15)

Altars:


Innate Abilities, Weirdness & Mutations

You are immune to sickness and miasma.
Your stone body is resilient. (AC +3)
You are immune to poison.
You resist negative energy. (rN+)
You are resistant to electric shocks. (rElec)
You are resistant to unholy torment.
You are immune to petrification.


Message History

The gnoll is heavily wounded.
You block the gnoll's attack. The gnoll hits you with a +0 flail.
The gnoll sergeant barely misses you. The gnoll hits you but does no damage.
You hit the gnoll.
The gnoll is heavily wounded.
The gnoll sergeant hits you from afar with a +2 trident of holy wrath!
The gnoll hits you but does no damage.
The gnoll hits you from afar with a +0 halberd!
* * * LOW HITPOINT WARNING * * *
The gnoll attacks as you move away! You block the gnoll's attack.
Okay, then.
Okay, then.
Unknown command.
You hit the gnoll.
The gnoll is severely wounded.
The gnoll closely misses you. The gnoll sergeant closely misses you.
You hit the gnoll but do no damage.
The gnoll is severely wounded.
The gnoll hits you with a +0 flail.
* * * LOW HITPOINT WARNING * * *
The gnoll sergeant hits you from afar with a +2 trident of holy wrath.
* * * LOW HITPOINT WARNING * * *
The gnoll attacks as you move away! The gnoll barely misses you.
The gnoll attacks as you move away! The gnoll hits you but does no damage.
The gnoll attacks as you move away! The gnoll hits you with a +0 flail.
* * * LOW HITPOINT WARNING * * *
The gnoll attacks as you move away! You block the gnoll's attack.
Found a scale mail.
The gnoll attacks as you move away! The gnoll completely misses you.
The gnoll attacks as you move away! The gnoll hits you with a +0 flail.
* * * LOW HITPOINT WARNING * * *
The gnoll attacks as you move away! The gnoll closely misses you.
The gnoll attacks as you move away! The gnoll hits you but does no damage.
The gnoll attacks as you move away! The gnoll hits you with a +0 flail.
* * * LOW HITPOINT WARNING * * *
The gnoll attacks as you move away! The gnoll completely misses you.
The gnoll attacks as you move away! You block the gnoll's attack.
The gnoll attacks as you move away! You block the gnoll's attack.
The gnoll attacks as you move away! The gnoll hits you with a +0 flail!
You die...

..##.###.## .#...##...
.... #.. ##... #.. ...#
#.#### #.###....####
#...#.......###
#.#...........##
#.###........@.## #.#
#.###.####g.# ###.###.#
#)..##g.## #.....#.#
#....#..[#
#..####g###....#B..#
#..# #..##$....g..##
##..####..#######....# #
.......#...### #g...# .
##.....#.....####....#..


You could see a gnoll sergeant, 3 gnolls and a giant cockroach.

Vanquished Creatures
  Robin (D:2)
  An adder (D:2)
  2 worms
  An orc (D:3)
  3 ball pythons
  5 bats
  10 endoplasms
  5 giant cockroaches
  14 goblins
  7 hobgoblins
  2 jackals (D:1)
  3 quokkas
  4 frilled lizards
  5 kobolds
  3 rats
66 creatures vanquished.

Notes
Turn   | Place    | Note
-------+----------+-------------------------------------------
     0 | D:1      | CraigForest the Gargoyle Fighter began the quest for the
                  | Orb.
     0 | D:1      | Reached XP level 1. HP: 14/14 MP: 1/1
   115 | D:1      | Reached XP level 2. HP: 19/19 MP: 2/2
   539 | D:1      | Reached XP level 3. HP: 23/23 MP: 3/3
  1035 | D:2      | Reached skill level 4 in Armour
  1035 | D:2      | Reached XP level 4. HP: 25/28 MP: 4/4
  1205 | D:2      | Noticed Robin
  1237 | D:2      | Killed Robin
  1238 | D:2      | Reached skill level 1 in Stealth
  1948 | D:3      | Noticed a gnoll sergeant
  1965 | D:3      | HP: 1/29 [gnoll sergeant/+2 trident of holy wrath (6)]
  1973 | D:3      | HP: 1/29 [gnoll/+0 flail[a gnoll sergeant] (1)]
  1983 | D:3      | HP: 1/29 [gnoll/+0 flail[a gnoll sergeant] (3)]
  2015 | D:3      | Slain by a gnoll

Illustrated notes

Levels and vault maps discovered:
D:1:      pf_arrival_petrified_forest, layout_basic
D:2:      layout_basic, minmay_crystal_water, uniq_robin
D:3:      minmay_recursive_quarters, layout_loops_corners

Skill      XL: |  1  2  3  4 |
---------------+-------------+-----
Armour         | 4 |  4.1
Stealth        | 1 |  1.0
Fighting       | |  3.6
Dodging        | |  0.6
Shields        | |  3.9
Unarmed Combat | |  2.9

Action                     |  1- 3 |  4- 6 || total
---------------------------+-------+-------++-------
  Melee: Unarmed           |   142 |   102 ||   244
    Use: Potion            |       |     1 ||     1
 Armour: Scale mail        |    53 |    69 ||   122
  Dodge: Dodged            |    53 |    61 ||   114
  Block: Buckler           |    28 |    24 ||    52

Table legend: (Time is in decaauts)
 A = Elapsed time spent in this place.
 B = Non-inter-level travel time spent in this place.
 C = Inter-level travel time spent in this place.
 D = Time resting spent in this place.
 E = Time spent auto-exploring this place.
 F = Levels seen in this place.
 G = Mean time per level.
                   A        B        C        D        E       F      G
               +--------+--------+--------+--------+--------+-----+--------+
         Total |   2012 |   1971 |     41 |      0 |   1469 |   3 |  670.7 |
       Dungeon |   2012 |   1971 |     41 |      0 |   1469 |   3 |  670.7 |
               +--------+--------+--------+--------+--------+-----+--------+

Top non-repeatable levels by time:
     D:1: 910 daAuts
     D:2: 803 daAuts
     D:3: 298 daAuts
